 Dungeon Crawl Stone Soup version 0.17-a0-81-g781747f (webtiles) character file.

1625688 catsarecewl the Conqueror (level 27, 317/348 (355) HPs)
             Began as an Ogre Berserker on Mar 11, 2015.
             Was the Champion of the Shining One.
             Escaped with the Orb
             ... and 3 runes on Mar 15, 2015!
             The game lasted 09:01:04 (83902 turns).

catsarecewl the Conqueror (Ogre Berserker)         Turns: 83902, Time: 09:01:05

HP:   317/348 (355) AC: 44    Str: 28    XL:     27
MP:   33/33         EV:  8    Int: 17    God:    the Shining One [******]
Gold: 2182          SH:  0    Dex:  7    Spells: 5 memorised, 28 levels left

rFire  + + +     SeeInvis .     Z - 36 fruits
rCold  + + +     Clarity  .     J - +7 gold dragon armour
rNeg   + + +     SustAb   .     (shield restricted)
rPois  +         Gourm    +     y - +1 hat
rElec  +         Spirit   .     N - +2 cloak {MR+}
rCorr  .         Warding  .     (gloves unavailable)
rMut   .         Stasis   .     (boots unavailable)
MR     +++++                    V - amulet of Devotion {Gourm +Inv rElec MR+ Int+5 Dex-3}
Stlth  ..........               w - ring "Jograh" {+Fly rF+ Int+6 Stlth+}
                                M - ring "Woatocro" {rElec rC+ rN+ MR+ Dex-2 Stlth+}

@: very slightly contaminated, glowing, almost entirely resistant to hostile
enchantments, extremely unstealthy
A: unfitting armour, hooves 1, horns 1, iridescent scales 1, thin metallic
scales 1, yellow scales 1, clumsy 1, cold resistance 1, dopey 2, fire resistance
1, low mp 1, robust 1, electricity resistance, spit poison 1, tough skin 1, weak
1, no device heal 1
a: Spit Poison, Divine Shield, Cleansing Flame, Summon Divine Warrior, Renounce
Religion, Evoke Invisibility, Evoke Flight
0: Orb of Zot
}: 3/15 runes: decaying, silver, gossamer


You escaped.
You worshipped the Shining One.
The Shining One was exalted by your worship.
You were very full.

You visited 11 branches of the dungeon, and saw 59 of its levels.
You visited the Abyss 1 time.
You also visited: Bailey, Ice Cave and Wizlab.

You collected 8720 gold pieces.
You spent 6538 gold pieces at shops.

Inventory:

Hand weapons
 r - the +8 giant spiked club of Qocses {crush, +Blink +Rage rElec rC- Int+4}
   (Trog gifted it to you on level 1 of the Elven Halls)

   It inflicts extra damage upon your enemies.
   It affects your intelligence (+4).
   It makes you vulnerable to cold.
   It insulates you from electricity.
   It lets you blink.
   It lets you go berserk.
 R - a +9 giant spiked club of holy wrath
 Y - the +8 giant spiked club of Suatusch {freeze, rC+ Int+4 Dex-5}
   (Trog gifted it to you on level 3 of the Orcish Mines)

   It has been specially enchanted to freeze those struck by it, causing extra
   injury to most foes and up to half again as much damage against particularly
   susceptible opponents.
   It can also slow down cold-blooded creatures.
   It affects your intelligence (+4).
   It affects your dexterity (-5).
   It protects you from cold.
Missiles
 u - 18 javelins of penetration
 z - 7 javelins
 B - 4 throwing nets
 U - 157 large rocks (quivered)
Armour
 y - a +1 hat (worn)
 J - a +7 gold dragon armour (worn)
 N - a +2 cloak of magic resistance (worn)
Jewellery
 l - the ring of Voru Nae {rPois rF+ Str+9 Int-5}
   (You bought it in a shop on level 4 of the Orcish Mines)

   [ring of protection from fire]

   It affects your strength (+9).
   It affects your intelligence (-5).
   It protects you from fire.
   It protects you from poison.
 w - the ring "Jograh" (right hand) {+Fly rF+ Int+6 Stlth+}
   (You bought it in a shop on level 4 of the Orcish Mines)

   [ring of flight]

   It affects your intelligence (+6).
   It protects you from fire.
   It lets you fly.
   It makes you more stealthy.
 M - the ring "Woatocro" (left hand) {rElec rC+ rN+ MR+ Dex-2 Stlth+}
   (You bought it in a shop on level 4 of the Orcish Mines)

   [ring of stealth]

   It affects your dexterity (-2).
   It protects you from cold.
   It insulates you from electricity.
   It protects you from negative energy.
   It affects your resistance to hostile enchantments.
   It makes you more stealthy.
 V - the amulet of Devotion (around neck) {Gourm +Inv rElec MR+ Int+5 Dex-3}
   (You bought it in a shop on level 4 of the Orcish Mines)

   [amulet of the gourmand]

   It allows you to eat raw meat even when not hungry.
   It affects your intelligence (+5).
   It affects your dexterity (-3).
   It insulates you from electricity.
   It affects your resistance to hostile enchantments.
   It lets you turn invisible.
Magical devices
 h - a wand of polymorph (9)
 o - a wand of fireball (5)
 D - a wand of heal wounds (7)
 E - a wand of lightning (4)
 G - a wand of hasting (4)
 I - a wand of digging (4)
 P - a wand of disintegration (5)
Scrolls
 c - 3 scrolls of enchant armour
 d - 9 scrolls of identify
 j - a scroll of immolation
 m - 10 scrolls of blinking
 q - 23 scrolls of remove curse
 x - 5 scrolls of recharging
 A - 2 scrolls of holy word
 C - 6 scrolls of magic mapping
 F - 7 scrolls of fear
 L - 3 scrolls of teleportation
 Q - 9 scrolls of fog
 W - a scroll of silence
Potions
 a - 4 potions of cure mutation
 e - a potion of might
 f - 3 potions of resistance
 g - a potion of agility
 i - 4 potions of restore abilities
 k - 3 potions of berserk rage
 n - 2 potions of haste
 s - 17 potions of curing
 H - 6 potions of cancellation
 K - a potion of brilliance
 T - 8 potions of heal wounds
Miscellaneous
 p - a sack of spiders {used: 2}
 t - a lamp of fire (inert)
 S - a phial of floods (inert)
 X - a fan of gales (inert)
Comestibles
 b - 19 bread rations
 v - 3 meat rations
 O - a beef jerky
 Z - 36 fruits (in hand)


   Skills:
 O Level 27 Fighting
 - Level 22.0 Maces & Flails
 - Level 25.5 Throwing
 * Level 20.7 Armour
 - Level 14.0 Dodging
 - Level 3.2 Stealth
   Level 5.1 Shields
 - Level 8.3 Spellcasting
 - Level 7.3 Hexes
 * Level 9.7 Charms
 - Level 7.0 Translocations
 - Level 5.3 Air Magic
 - Level 11.0 Invocations
 - Level 11.0 Evocations


You had 28 spell levels left.
You knew the following spells:

 Your Spells              Type           Power        Failure   Level  Hunger
a - Apportation           Tloc           ####......   8%          1    None
b - Spectral Weapon       Hex/Chrm       #####...     12%         3    #......
c - Shroud of Golubria    Chrm/Tloc      #####.....   8%          2    None
d - Repel Missiles        Chrm/Air       ####..       10%         2    None
e - Deflect Missiles      Chrm/Air       ####......   100%        6    ######.


Dungeon Overview and Level Annotations

Branches:
Dungeon (15/15)            Temple (1/1) D:4            Lair (8/8) D:10
  Swamp (5/5) Lair:6       Spider (5/5) Lair:4        Slime (0/6) Lair:6
    Orc (4/4) D:12            Elf (3/3) Orc:4        Vaults (5/5) D:13
  Crypt (3/3) Vaults:3       Tomb (0/3) Crypt:3      Depths (5/5) D:15
    Zot (5/5) Depths:5

Altars:
Ashenzari
Cheibriados
Dithmenos
Elyvilon
Fedhas
Gozag
Kikubaaqudgha
Makhleb
Nemelex Xobeh
Okawaru
Qazlal
Ru
Sif Muna
Trog
Vehumet
Xom
Yredelemnul
The Shining One
Beogh
Jiyva
Lugonu

Shops:
D:10 [   D:12 *   D:14 (   D:15 ?   Orc:4 =%=*=   Elf:1 *   Elf:2 %   Elf:3 ?[!
Vaults:2 %   Vaults:3 (   Depths:3 :

Portals:
Hell: Lair:8 Depths:1 Depths:2 Depths:3 Depths:4 Depths:5
Abyss: Depths:2 Depths:4 Depths:5
Pandemonium: Depths:1 Depths:3 Depths:4
Ziggurat: Depths:4
Trove: D:13 (give 14 potions of heal wounds)

Annotations:
D:2 exclusion: downstairs
D:3 exclusion: downstairs
D:5 exclusion: downstairs
D:6 exclusion: downstairs
D:9 exclusion: downstairs
D:11 exclusion: downstairs
Lair:3 exclusion: downstairs
Lair:6 exclusion: downstairs
Swamp:2 exclusion: downstairs
Swamp:4 exclusion: downstairs
Spider:3 exclusion: downstairs


Innate Abilities, Weirdness & Mutations

You are too large for most types of armour.
You have tough skin (AC +1).
You have large cloven feet.
You have a pair of small horns on your head.
You are partially covered in iridescent scales (AC +4).
You are partially covered in thin metallic scales (AC +2).
You are partially covered in yellow scales (AC +2).
You are clumsy. (Dex -2)
Your flesh is cold resistant.
You are very dopey. (Int -4)
Your flesh is heat resistant.
Your magical capacity is low (-10% MP).
You are robust (+10% HP).
You are resistant to electric shocks.
You can spit poison.
You are weak. (Str -2)
Potions and wands are less effective at restoring your health.


Message History

The hellwing is engulfed in roaring flames.
The hellwing misses your redback.
The hellwing barely misses your redback.
Your air elemental forms itself from the air!
The hellwing blocks your air elemental's attack.
Your air elemental forms itself from the air!
Your air elemental barely misses the smoke demon.
Your water elemental is engulfed in roaring flames.
You destroy your water elemental!
The trapdoor spider bites you but does no damage.
Your redback bites the hellwing but does no damage.
The smoke demon hits your air elemental!
The smoke demon hits your air elemental.
The smoke demon closely misses your air elemental.
The smoke demon hits your air elemental.
The smoke demon closely misses your air elemental.
The smoke demon hits your air elemental.
The trapdoor spider bites you but does no damage.
The hellwing hits your redback! x2
You have escaped!

### #.######### ..........#
#.#######.# #.# #.# #.# #.# #.#
#.# #.# ##.############### #.#
#...#...s@s...#..######### #.#
#..##...≈≈≈≈..##.........# ..#
#..##...§s§≈..##.......... ..##
#...#..#E44#..#...######.#
...#####..##..§3EE§..#.....# #.#
..........##..§.E.3..#.....####.#
...####....#.§#§.§#§.#...........
....########.§.§.§§..#...######..
......#.......§≈.≈.....########.#


You could see 2 hellwings, 2 trapdoor spiders, 2 smoke demons, 2 friendly fire
elementals, 2 friendly air elementals and a friendly redback.

Vanquished Creatures
  Khufu (Crypt:2)
  6 orbs of fire
  10 ancient liches
  A greater mummy (Crypt:2)
  Boris (Vaults:2)
  Margery (Vaults:2)
  Norris (Elf:2)
  5 Killer Klowns
  A curse toe (Zot:3)
  Mara (Depths:1)
  17 golden dragons
  Jory (Depths:4)
  Frederick (Depths:3)
  Arachne (Spider:5)
  An electric golem (Zot:5)
  Nikola (Vaults:2)
  A Hellbinder (WizLab)
  2 hellephants (Zot:1)
  8 liches
  13 tentacled monstrosities
  2 titans
  4 deep elf blademasters (Elf:3)
  29 Orb Guardians
  A quicksilver dragon (Depths:2)
  2 deep elf master archers (Elf:3)
  3 sphinxes
  An octopode crusher (Depths:4)
  2 pandemonium lords
  8 storm dragons
  8 tengu reavers
  An Executioner (Depths:2)
  7 thorn hunters
  Kirke (Swamp:3)
  4 ancient champions
  A greater naga (Depths:4)
  10 shadow dragons
  11 draconian monks
  3 revenants
  8 fire giants
  20 vault wardens
  13 deep elf sorcerers
  8 frost giants
  2 iron dragons
  7 ghost moths
  An orc warlord (Depths:4)
  Aizul (Swamp:2)
  A cacodemon (Depths:3)
  Louise (Swamp:3)
  A draconian knight (Zot:4)
  2 curse skulls (Crypt:3)
  10 emperor scorpions
  2 draconian zealots (Zot:4)
  6 reapers
  Jorgrun (Vaults:2)
  15 ironheart preservers
  5 ghouls
  5 draconian annihilators
  32 stone giants
  6 vampire knights
  9 very ugly things
  3 draconian callers
  12 green draconians
  5 draconian shifters
  5 pale draconians
  4 grey draconians
  11 black draconians
  16 deep elf demonologists
  Azrael (Spider:2)
  7 purple draconians
  11 red draconians
  5 yellow draconians
  14 deep elf annihilators
  3 white draconians
  5 dire elephants
  12 ettins
  2 mottled draconians (Zot:4)
  An unborn (Crypt:3)
  Snorg (Spider:5)
  12 deep elf death magi
  A green death (Vaults:4)
  2 blizzard demons (WizLab)
  7 eidola (Crypt:3)
  36 vault guards
  A crystal guardian (Vaults:4)
  A mummy priest (Crypt:3)
  18 fire dragons
  14 jiangshi
  6 deep elf high priests
  Josephine (D:12)
  20 yaktaur captains
  7 minotaurs
  3 quicksilver dragon skeletons
  Fannar (Elf:2)
  8 death cobs
  2 hell beasts
  3 great orbs of eyes
  6 rakshasas
  A monstrous demonspawn (Depths:4)
  20 ice dragons
  8 deep troll earth magi
  Erica (D:11)
  2 spriggan air magi
  3 ghost crabs
  28 hydras
  18 dancing weapons
  20 ogre magi
  2 catoblepae
  12 centaur warriors
  An orc high priest (Depths:4)
  24 death yaks
  2 death knights
  8 alligators
  6 vampire magi
  5 deep troll shamans
  2 titan zombies (Crypt:3)
  2 tengu warriors (Depths:3)
  9 spriggan berserkers
  13 soul eaters
  Nergalle (Lair:6)
  Erolcha (D:12)
  2 titan skeletons
  14 hell knights
  3 salamander mystics
  5 iron trolls
  2 spectral anacondas (Crypt:3)
  4 flayed ghosts
  3 sun demons
  5 unseen horrors
  A shadow wraith (Vaults:3)
  7 ice devils
  31 skeletal warriors
  11 death drakes
  2 gelid demonspawn
  A ghost moth zombie (Crypt:3)
  A golden dragon zombie (Crypt:3)
  A deep troll (shapeshifter) (Vaults:5)
  23 hill giants
  38 deep trolls
  A fire crab (Vaults:4)
  24 deep elf knights
  12 swamp dragons
  2 spriggan druids
  A putrid demonspawn (D:4)
  2 ice statues
  11 deep elf summoners
  28 necromancers
  An obsidian statue (D:12)
  11 wizards
  2 giant orange brains
  An anaconda zombie (Crypt:3)
  24 ironbrand convokers
  2 shambling mangroves
  An anaconda skeleton (Crypt:3)
  2 wolf spider zombies (Crypt:3)
  16 harpies
  22 deep elf conjurers
  2 shadow dragon zombies
  2 lindwurms (Depths:5)
  18 orb spiders
  37 wolf spiders
  9 hornets
  2 harpies (shapeshifter)
  A fire giant zombie (Crypt:3)
  A draconian (shapeshifter) (Vaults:1)
  A shining eye (shapeshifter) (Depths:3)
  4 sixfirhies
  A shadow dragon skeleton (Crypt:3)
  4 draconian zombies (Zot:4)
  44 ugly things
  3 manticores
  3 orc sorcerers
  3 iron dragon zombies
  9 griffons
  A salamander (shapeshifter) (Vaults:3)
  21 orc knights
  2 salamanders (Depths:5)
  17 vault sentinels
  21 phantasmal warriors
  5 elephants (Zot:1)
  2 molten gargoyles (D:13)
  A fire giant skeleton (Crypt:3)
  26 moths of wrath
  A dire elephant zombie (Crypt:2)
  Joseph (D:7)
  2 frost giant skeletons (Crypt:3)
  2 stone giant skeletons
  6 cyclopes
  3 torpor snails
  2 black mambas
  2 rust devils
  3 gargoyles
  4 orange demons
  An orange crystal statue (Zot:5)
  An efreet (D:14)
  A shock serpent skeleton (Crypt:3)
  A queen ant (Lair:1)
  3 naga magi (Depths:4)
  A purple draconian zombie (Zot:4)
  A green draconian zombie (Zot:4)
  2 hellions
  21 spiny frogs
  42 yaktaurs
  16 demonic crawlers
  19 hellwings
  5 kobold demonologists
  A silent spectre (Crypt:1)
  4 fire drakes
  10 komodo dragons
  10 trolls
  The ghost of catsarecewl the Basher, an average OgBe of Trog (D:4)
  A jumping spider (shapeshifter) (Vaults:5)
  10 deep elf priests
  A tormentor (Depths:3)
  8 freezing wraiths
  A ghoul skeleton (Crypt:1)
  An elf (shapeshifter) (Vaults:2)
  A green draconian skeleton (Crypt:3)
  A red draconian skeleton (Crypt:1)
  A guardian mummy (Crypt:3)
  25 jumping spiders
  3 red devils
  25 two-headed ogres
  30 polar bears
  2 wind drakes
  A queen bee (Spider:4)
  A wind drake (shapeshifter) (Vaults:3)
  2 tengu conjurers
  8 blue devils
  2 ushabtiu (Crypt:3)
  A human simulacrum (Vaults:1)
  2 queen bees (shapeshifter)
  37 slime creatures
  8 bog bodies
  6 ravens
  8 blink frogs
  5 fire dragon zombies
  An ice dragon zombie (Crypt:3)
  4 boulder beetles
  An iron dragon simulacrum (Crypt:2)
  A blink frog (shapeshifter) (Vaults:4)
  A basilisk (shapeshifter) (Vaults:4)
  31 deep elf magi
  A frost giant simulacrum (Depths:2)
  7 giant leeches
  4 basilisks
  26 tarantellas
  7 baby alligators
  25 trapdoor spiders
  5 hogs (Swamp:3)
  56 redbacks
  A trapdoor spider (shapeshifter) (Vaults:1)
  3 vampires
  64 yaks
  9 spriggans
  3 water elementals
  7 shadows
  2 ettin skeletons
  A flying skull (Crypt:2)
  15 wraiths
  Eustachio (D:7)
  5 wyverns
  4 fire elementals (Spider:2)
  50 deep elf fighters
  A yaktaur simulacrum (Vaults:3)
  4 ynoxinuls
  Grum (D:12)
  A steam dragon (Zot:2)
  29 swamp worms
  A neqoxec (Depths:3)
  9 humans
  2 soldier ants (Lair:1)
  17 hippogriffs
  15 wargs
  A hydra simulacrum (Crypt:2)
  3 human zombies
  A hog (shapeshifter) (Vaults:5)
  A deep troll zombie (Depths:2)
  3 large abominations (Elf:1)
  2 hungry ghosts
  3 soldier ants (shapeshifter)
  19 vampire mosquitoes
  16 water moccasins
  5 raven skeletons (Crypt:3)
  43 wolves
  A human skeleton (Crypt:3)
  16 swamp drakes
  2 hell hounds
  7 porcupines
  5 black bears
  59 orc warriors
  3 phantoms
  4 ice beasts
  4 necrophages
  11 boggarts
  13 spiders
  4 boring beetles
  31 centaurs
  5 sky beasts
  5 lost souls (Crypt:3)
  A boring beetle (shapeshifter) (Vaults:2)
  A manticore skeleton (Crypt:3)
  19 crocodiles
  2 snapping turtle skeletons
  16 wasps
  73 ogres
  Duvessa (D:9)
  17 big kobolds
  A dryad zombie (Crypt:1)
  3 elf zombies
  Blork the orc (D:4)
  A giant frog (shapeshifter) (Depths:3)
  5 scorpions
  21 giant frogs
  A wyvern skeleton (D:10)
  A water moccasin skeleton (Crypt:1)
  A yak zombie (Crypt:1)
  A spriggan skeleton (Crypt:2)
  34 killer bees
  A spriggan zombie (Crypt:3)
  2 electric eels
  15 wights
  A polar bear skeleton (Crypt:2)
  4 quasits
  3 giant frog zombies
  15 crimson imps
  5 lava snakes (D:13)
  Dowan (D:9)
  17 hounds
  7 jellies
  3 centaur zombies
  2 small abominations
  A black bear zombie (Crypt:1)
  3 iron imps
  5 goliath beetles
  2 two-headed ogre zombies
  2 giant frog skeletons (D:4)
  11 iguanas
  38 worker ants
  33 orc priests
  8 centaur skeletons
  34 orc wizards
  3 hell rats
  A naga zombie (Crypt:3)
  A killer bee zombie (D:11)
  Ijyb (D:2)
  21 sheep
  2 hound zombies
  A demigod skeleton (Crypt:2)
  2 hound skeletons (D:10)
  6 mummies
  48 river rats
  25 adders
  7 gnolls
  5 shadow imps
  A steam dragon skeleton (Crypt:2)
  4 white imps
  A giant mite (D:6)
  6 worms
  9 ufetubi
  An ooze (D:1)
  224 orcs
  A ball python (D:5)
  14 bats
  A bat zombie (D:8)
  6 giant cockroaches
  12 goblins
  20 hobgoblins
  8 jackals
  8 quokkas
  7 giant geckos
  A giant gecko skeleton (D:7)
  A giant gecko zombie (D:6)
  4 giant newts
  A giant newt zombie (Crypt:2)
  3 giant spores
  A goblin skeleton (Crypt:1)
  27 kobolds
  A quokka zombie (D:7)
  13 rats
  17 ballistomycetes
  A briar patch (Swamp:5)
  A fungus (Lair:2)
  11 plants
3321 creatures vanquished.

Vanquished Creatures (collateral kills)
  A moth of wrath (Spider:1)
  A trapdoor spider (Spider:1)
  2 redbacks (Spider:1)
  A tarantella (Spider:1)
  2 spiders (Spider:1)
  A scorpion (Spider:1)
8 creatures vanquished.

Vanquished Creatures (others)
  A spectral weapon (Zot:5)
  A draconian scorcher (Zot:5)
  A centaur warrior (D:15)
  2 necromancers (Depths:5)
  A polar bear (Lair:7)
  A water elemental (Spider:1)
  2 blue devils (D:3)
  A wind drake (Zot:2)
  A fire elemental (Zot:2)
  A troll (Spider:1)
  A raven (Swamp:3)
  A spriggan (Swamp:5)
  2 yaks (IceCv)
  A redback (Zot:2)
  3 trapdoor spiders (Zot:2)
  A wolf (IceCv)
  3 centaurs (D:15)
  A boggart (Vaults:1)
  5 lost souls
  An ufetubus (Depths:4)
  An orc (Orc:4)
  A bat (D:1)
  3 giant spores
  6 briar patches
  8 plants
50 creatures vanquished.

Grand Total: 3379 creatures vanquished

Notes
Turn   | Place    | Note
--------------------------------------------------------------
     0 | D:1      | catsarecewl, the Ogre Berserker, began the quest for the Orb.
     0 | D:1      | Reached XP level 1. HP: 24/24 MP: 1/1
   339 | D:1      | Reached XP level 2. HP: 18/32 MP: 2/2
   697 | D:2      | Reached skill level 5 in Maces & Flails
   786 | D:2      | Reached XP level 3. HP: 32/39 MP: 3/3
   806 | D:2      | Noticed Ijyb
   817 | D:2      | Killed Ijyb
   820 | D:2      | Acquired Trog's second power
   983 | D:2      | Reached skill level 6 in Maces & Flails
  1209 | D:2      | Reached XP level 4. HP: 28/48 MP: 4/4
  1660 | D:3      | Noticed a phantom
  2011 | D:3      | Killed a phantom
  2011 | D:3      | Reached skill level 7 in Maces & Flails
  2011 | D:3      | Reached XP level 5. HP: 40/54 MP: 5/5
  2141 | D:3      | Reached skill level 8 in Maces & Flails
  2877 | D:4      | Noticed Blork the orc
  2928 | D:4      | Reached XP level 6. HP: 48/62 MP: 6/6
  2939 | D:4      | Reached skill level 9 in Maces & Flails
  3160 | D:4      | Found a staircase to the Ecumenical Temple.
  3253 | D:4      | Noticed catsarecewl's ghost (average OgBe)
  3277 | D:4      | Killed catsarecewl's ghost
  3277 | D:4      | Reached skill level 10 in Maces & Flails
  3277 | D:4      | Reached XP level 7. HP: 12/70 MP: 7/7
  3536 | D:4      | Found a burning altar of Makhleb.
  3536 | D:4      | Noticed a cacodemon
  3782 | D:4      | Noticed a phantom
  3792 | D:4      | Killed a phantom
  3792 | D:4      | Reached skill level 11 in Maces & Flails
  3811 | D:4      | Killed Blork the orc
  4209 | D:5      | Entered Level 5 of the Dungeon
  4254 | D:5      | Reached XP level 8. HP: 58/79 MP: 8/8
  4390 | D:5      | Found a deep blue altar of Sif Muna.
  4519 | D:5      | Reached skill level 5 in Fighting
  4519 | D:5      | Reached skill level 1 in Shields
  4523 | D:5      | Gained mutation: Armour fits poorly on your strangely shaped body. [mutagenic meat]
  4524 | D:5      | Gained mutation: You evolve. [mutagenic meat]
  4528 | D:5      | Found a blossoming altar of Fedhas.
  5233 | D:6      | Reached skill level 12 in Maces & Flails
  6039 | D:6      | Gained mutation: You are robust (+10% HP). [evolution]
  6287 | D:7      | Acquired Trog's third power
  6390 | D:7      | Noticed Joseph
  6404 | D:7      | Killed Joseph
  6404 | D:7      | Reached XP level 9. HP: 101/101 MP: 9/9
  6870 | D:6      | Reached skill level 13 in Maces & Flails
  7259 | D:7      | Noticed Eustachio
  7276 | D:7      | Killed Eustachio
  7276 | D:7      | Reached skill level 5 in Shields
  7695 | D:8      | Gained mutation: You have a pair of small horns on your head. [mutagenic meat]
  7696 | D:8      | Gained mutation: You are resistant to electric shocks. [mutagenic meat]
  7697 | D:8      | Gained mutation: You can spit poison. [mutagenic meat]
  7851 | D:8      | Reached skill level 14 in Maces & Flails
  8085 | D:8      | Reached skill level 1 in Throwing
  8106 | D:8      | Reached XP level 10. HP: 116/116 MP: 10/10
  8802 | D:8      | Paralysed by a wasp for 2 turns
  9084 | D:9      | Noticed Dowan
  9122 | D:9      | Killed Dowan
  9172 | D:9      | Received a gift from Trog
  9190 | D:9      | Noticed Duvessa
  9204 | D:9      | Killed Duvessa
  9364 | D:9      | Identified Kikubaaqudgha's Grimoire of Evil (You found it on level 9 of the Dungeon)
  9432 | D:10     | Entered Level 10 of the Dungeon
  9678 | D:10     | Found a staircase to the Lair.
  9806 | D:10     | Noticed a hill giant
 10107 | D:10     | Killed a hill giant
 10107 | D:10     | Reached skill level 10 in Fighting
 10107 | D:10     | Reached skill level 5 in Throwing
 10331 | D:10     | Found Huseloh's Armour Emporium.
 10396 | D:10     | Received a gift from Trog
 10396 | D:10     | Reached skill level 5 in Dodging
 10419 | D:10     | Got a sapphire giant club {god gift}
 10440 | D:10     | Bought a +0 cloak for 49 gold pieces
 10555 | Lair:1   | Entered Level 1 of the Lair of Beasts
 10614 | Lair:1   | Got an ancient flail
 10615 | Lair:1   | Identified the +8 flail "Fasch" {venom, *Rage +Inv Str+6} (You found it on level 1 of the Lair of Beasts)
 10625 | Lair:1   | Reached XP level 11. HP: 120/130 MP: 11/11
 11451 | Lair:1   | Lost mutation: Armour fits poorly on your strangely shaped body. [evolution]
 12240 | Lair:2   | Identified the +5 giant club of Trog's Vengeance {crush, rElec rF- Str+4} (Trog gifted it to you on level 10 of the Dungeon)
 12684 | Lair:2   | Received a gift from Trog
 13385 | Lair:3   | Reached skill level 15 in Maces & Flails
 13457 | Lair:3   | Reached XP level 12. HP: 114/140 MP: 4/12
 13812 | Lair:3   | Gained mutation: You are partially covered in yellow scales (AC +2). [evolution]
 14162 | Lair:3   | Reached skill level 16 in Maces & Flails
 14398 | Lair:4   | Noticed a four-headed hydra
 14505 | Lair:4   | Noticed an eight-headed hydra
 14511 | Lair:4   | Killed an eight-headed hydra
 14703 | Lair:4   | Killed a four-headed hydra
 14703 | Lair:4   | Reached skill level 17 in Maces & Flails
 15280 | Lair:4   | Found a hole to the Spider Nest.
 15375 | Lair:4   | Noticed an ice dragon
 15385 | Lair:4   | Killed an ice dragon
 15385 | Lair:4   | Reached skill level 18 in Maces & Flails
 15957 | Lair:5   | You fall through a shaft for 3 floors!
 15957 | Lair:8   | Entered Level 8 of the Lair of Beasts
 16038 | Lair:8   | Received a gift from Trog
 16259 | Lair:8   | Reached XP level 13. HP: 129/149 MP: 4/13
 16265 | Lair:8   | Reached skill level 19 in Maces & Flails
 16308 | Lair:8   | Noticed a six-headed hydra
 16320 | Lair:8   | Killed a six-headed hydra
 16795 | Lair:7   | Reached skill level 20 in Maces & Flails
 16858 | Lair:7   | Found a frozen archway.
 17117 | IceCv    | Entered an ice cave
 17350 | IceCv    | Received a gift from Trog
 17513 | IceCv    | Reached skill level 21 in Maces & Flails
 18049 | IceCv    | Reached skill level 5 in Armour
 18049 | IceCv    | Reached XP level 14. HP: 145/158 MP: 4/14
 18068 | IceCv    | Noticed a frost giant
 18109 | IceCv    | Killed a frost giant
 18618 | Lair:6   | Received a gift from Trog
 18730 | Lair:6   | Found a viscous altar of Jiyva.
 18731 | Lair:6   | Found a staircase to the Slime Pits.
 18804 | Lair:6   | Noticed Nergalle
 18820 | Lair:6   | Killed Nergalle
 18923 | Lair:6   | Identified a scroll of acquirement
 19083 | Lair:5   | Noticed a four-headed hydra
 19093 | Lair:5   | Killed a four-headed hydra
 20268 | Lair:6   | Found a staircase to the Swamp.
 20474 | Lair:7   | Received a gift from Trog
 21222 | Lair:8   | Got an ichor-stained flail
 21223 | Lair:8   | Identified the +3 flail "Giantbane" {freeze, rC+ Dex+3} (You found it on level 8 of the Lair of Beasts)
 21278 | Lair:8   | Noticed an eight-headed hydra
 21290 | Lair:8   | Killed an eight-headed hydra
 21298 | Lair:8   | Noticed a seven-headed hydra
 21301 | Lair:8   | Noticed a death yak
 21310 | Lair:8   | Killed a seven-headed hydra
 21319 | Lair:8   | Killed a death yak
 21404 | Lair:8   | Reached skill level 10 in Armour
 21408 | Lair:8   | Noticed a dire elephant
 21445 | Lair:8   | Killed a dire elephant
 21662 | Lair:8   | Reached skill level 1 in Evocations
 21725 | Lair:8   | Found a burning altar of Makhleb.
 21772 | Lair:8   | Received a gift from Trog
 21799 | Lair:8   | Got a slimy dire flail {god gift}
 21805 | Lair:8   | Identified the +7 dire flail "Kom Nyn" {flame, -Cast +Rage rPois Int+2} (Trog gifted it to you on level 8 of the Lair of Beasts)
 22490 | Lair:8   | Reached XP level 15. HP: 144/169 MP: 19/19
 22536 | Lair:8   | Found a gateway to Hell.
 23348 | D:11     | Noticed Erica
 23355 | D:11     | Killed Erica
 23411 | D:11     | Received a gift from Trog
 24147 | D:11     | Gained mutation: Your magical capacity is low (-10% MP). [evolution]
 24397 | D:12     | Noticed Grum
 24408 | D:12     | Killed Grum
 24429 | D:12     | Gained mutation: You have large cloven feet. [mutagenic meat]
 24441 | D:12     | Noticed Sonja
 24442 | D:12     | Noticed Sonja
 24442 | D:12     | Sonja changed into Sonja the water moccasin
 24447 | D:12     | Killed Sonja the water moccasin
 24754 | D:12     | Found Zaumpelofi's Assorted Antiques.
 24839 | D:12     | Received a gift from Trog
 24911 | D:12     | Found a staircase to the Orcish Mines.
 24960 | D:12     | Received a gift from Trog
 24969 | D:12     | Noticed Erolcha
 24982 | D:12     | Killed Erolcha
 25012 | D:12     | Noticed Josephine
 25020 | D:12     | Killed Josephine
 25443 | Orc:1    | Entered Level 1 of the Orcish Mines
 25963 | Orc:2    | Received a gift from Trog
 26600 | Orc:3    | Received a gift from Trog
 26601 | Orc:3    | Got a transparent giant spiked club {god gift}
 26602 | Orc:3    | Identified the +8 giant spiked club of Suatusch {freeze, rC+ Int+4 Dex-5} (Trog gifted it to you on level 3 of the Orcish Mines)
 27029 | Orc:3    | Found a roughly hewn altar of Beogh.
 27041 | Orc:3    | Received a gift from Trog
 27219 | Orc:2    | Received a gift from Trog
 27455 | Orc:4    | Entered Level 4 of the Orcish Mines
 27653 | Orc:4    | Found a staircase to the Elven Halls.
 27887 | Orc:4    | Received a gift from Trog
 27955 | Orc:4    | Found Yqeiled's Jewellery Boutique.
 27963 | Orc:4    | Bought the ring of Voru Nae {rPois rF+ Str+9 Int-5} for 669 gold pieces
 28045 | Orc:4    | Received a gift from Trog
 28611 | Orc:4    | Found Kucrecso's General Store.
 28611 | Orc:4    | Found Ipluac's Jewellery Shop.
 28614 | Orc:4    | Found Jarub's Food Boutique.
 28624 | Orc:4    | Found Kikub's Jewellery Emporium.
 28629 | Orc:4    | Bought the amulet of Devotion {Gourm +Inv rElec MR+ Int+5 Dex-3} for 1033 gold pieces
 28631 | Orc:4    | Bought a potion of heal wounds for 85 gold pieces
 28633 | Orc:4    | Bought the ring "Jograh" {+Fly rF+ Int+6 Stlth+} for 609 gold pieces
 29034 | Lair:1   | Noticed a seven-headed hydra
 29037 | Lair:1   | Killed a seven-headed hydra
 29103 | Lair:2   | Gained mutation: You are partially covered in thin metallic scales (AC +2). [evolution]
 29237 | Swamp:1  | Entered Level 1 of the Swamp
 29320 | Swamp:1  | Received a gift from Trog
 29847 | Swamp:2  | Received a gift from Trog
 29927 | Swamp:2  | Noticed Aizul
 30579 | Swamp:2  | Reached XP level 16. HP: 155/181 MP: 18/18
 30685 | Swamp:2  | Killed Aizul
 30685 | Swamp:2  | Reached skill level 22 in Maces & Flails
 31023 | Swamp:3  | Noticed a thorn hunter
 31217 | Swamp:3  | Killed a thorn hunter
 31530 | Swamp:3  | Noticed Louise
 31547 | Swamp:3  | Killed Louise
 31742 | Swamp:3  | Noticed Kirke
 31758 | Swamp:3  | Killed Kirke
 31762 | Swamp:3  | Received a gift from Trog
 31765 | Swamp:3  | Got a bloodstained giant club {god gift}
 31768 | Swamp:3  | Identified the +4 giant club of Juturgh {flame, rPois rN+ Str-2 Dex+4} (Trog gifted it to you on level 3 of the Swamp)
 32199 | Swamp:4  | Reached skill level 5 in Evocations
 32238 | Swamp:4  | Noticed a thorn hunter
 32255 | Swamp:4  | Killed a thorn hunter
 32267 | Swamp:4  | Got a ripped robe
 32278 | Swamp:4  | Identified the +1 robe "Pha Trag" {rF+ rN+ rCorr Int+4 Slay-4} (You acquired it on level 4 of the Swamp)
 32699 | Swamp:5  | Entered Level 5 of the Swamp
 32707 | Swamp:5  | Noticed a thorn hunter
 32718 | Swamp:5  | Killed a thorn hunter
 33067 | Swamp:5  | Noticed a thorn hunter
 33075 | Swamp:5  | Reached skill level 10 in Throwing
 33088 | Swamp:5  | Killed a thorn hunter
 33295 | Swamp:5  | Noticed a thorn hunter
 33787 | Swamp:4  | Killed a thorn hunter
 34164 | Swamp:5  | Received a gift from Trog
 34164 | Swamp:5  | Reached XP level 17. HP: 143/193 MP: 24/24
 34316 | Swamp:5  | Noticed a thorn hunter
 34330 | Swamp:5  | Killed a thorn hunter
 34665 | Swamp:5  | Got a decaying rune of Zot
 34802 | Swamp:5  | Received a gift from Trog
 34845 | Swamp:5  | Noticed a thorn hunter
 34850 | Swamp:5  | Killed a thorn hunter
 35244 | Spider:1 | Entered Level 1 of the Spider Nest
 35691 | Spider:1 | Received a gift from Trog
 36343 | Spider:2 | Received a gift from Trog
 36530 | Spider:2 | Noticed Azrael
 36536 | Spider:2 | Killed Azrael
 36688 | Spider:2 | Received a gift from Trog
 37068 | Spider:3 | Received a gift from Trog
 37324 | Spider:3 | Gained mutation: Your flesh is heat resistant. [evolution]
 37815 | Spider:3 | Reached skill level 10 in Dodging
 38531 | Spider:4 | Received a gift from Trog
 38532 | Spider:4 | Got a jewelled giant spiked club {god gift}
 38533 | Spider:4 | Identified the +5 giant spiked club "Dief" {crush, MR- Str+7} (Trog gifted it to you on level 4 of the Spider Nest)
 39208 | Spider:4 | Received a gift from Trog
 39590 | Spider:5 | Entered Level 5 of the Spider Nest
 39627 | Spider:5 | Noticed Snorg
 39644 | Spider:5 | Killed Snorg
 39877 | Spider:5 | Reached XP level 18. HP: 200/203 MP: 14/27
 39893 | Spider:5 | Noticed Arachne
 39909 | Spider:5 | Killed Arachne
 39948 | Spider:5 | Reached skill level 10 in Evocations
 40526 | Spider:5 | Received a gift from Trog
 41716 | Spider:5 | Gained mutation: Your flesh is cold resistant. [evolution]
 41913 | Spider:5 | Got a gossamer rune of Zot
 42589 | D:13     | Found a portal to a secret trove of treasure.
 42779 | D:13     | Received a gift from Trog
 42802 | D:13     | Found a gate to the Vaults.
 42877 | D:13     | Found a flagged portal.
 42887 | Bailey   | Entered a bailey
 42991 | Bailey   | Received a gift from Trog
 43742 | D:14     | Found Qestrola's Weapon Emporium.
 44005 | D:14     | Reached skill level 15 in Throwing
 44149 | D:14     | Found a burning altar of Makhleb.
 44499 | D:14     | Reached XP level 19. HP: 182/217 MP: 28/28
 44846 | D:15     | Entered Level 15 of the Dungeon
 44926 | D:15     | Found a staircase to the Depths.
 44955 | D:15     | Reached skill level 15 in Fighting
 45401 | D:15     | Received a gift from Trog
 45478 | D:15     | Found Puvon's Magic Scroll Emporium.
 45487 | D:15     | Bought a scroll of identify for 30 gold pieces
 45487 | D:15     | Bought a scroll of fear for 52 gold pieces
 45487 | D:15     | Bought a scroll of brand weapon for 300 gold pieces
 45487 | D:15     | Bought a scroll of blinking for 112 gold pieces
 45487 | D:15     | Bought a scroll of enchant weapon for 112 gold pieces
 45922 | Elf:1    | Entered Level 1 of the Elven Halls
 45944 | Elf:1    | Found a radiant altar of Vehumet.
 46155 | Elf:1    | Received a gift from Trog
 46156 | Elf:1    | Got an encrusted giant spiked club {god gift}
 46157 | Elf:1    | Identified the +8 giant spiked club of Qocses {crush, +Blink +Rage rElec rC- Int+4} (Trog gifted it to you on level 1 of the Elven Halls)
 46246 | Elf:1    | Found Plimez's General Store.
 46259 | Elf:1    | Bought 5 curare-tipped needles for 51 gold pieces
 46259 | Elf:1    | Bought a scroll of brand weapon for 340 gold pieces
 46444 | Elf:1    | Identified the Incunabulum of Dark Arts
 46711 | Elf:1    | Received a gift from Trog
 46748 | Elf:2    | Found Psaycrao's Food Boutique.
 47331 | Elf:2    | Received a gift from Trog
 47332 | Elf:2    | Got a steaming giant club {god gift}
 47333 | Elf:2    | Identified the +3 giant club of Generosity {flame, rF+ rC+} (Trog gifted it to you on level 2 of the Elven Halls)
 47344 | Elf:2    | Noticed Fannar
 47349 | Elf:2    | Killed Fannar
 47419 | Elf:2    | Found a runed gate.
 47422 | Elf:2    | Found a runed gate.
 47422 | Elf:2    | Found a runed gate.
 47468 | Elf:2    | Noticed Norris
 47561 | Elf:2    | Killed Norris
 48070 | Elf:3    | Entered Level 3 of the Elven Halls
 48085 | Elf:3    | Found a magical portal.
 48117 | WizLab   | Entered The Hall of Acvonk the Hellbinder
 48230 | WizLab   | Received a gift from Trog
 48300 | WizLab   | Reached XP level 20. HP: 231/243 MP: 28/28
 48434 | WizLab   | Received a gift from Trog
 48549 | WizLab   | Found a burning altar of Makhleb.
 48568 | WizLab   | Identified the Collected Works on Creation
 48572 | WizLab   | Identified Psaqitaq's Papyrus of the Entourage
 48951 | Elf:3    | Found Kijiarghuph's Antique Armour Boutique.
 49558 | Elf:3    | Gained mutation: You are partially covered in iridescent scales (AC +4). [evolution]
 49558 | Elf:3    | Lost mutation: You evolve. [end of evolution]
 49578 | Elf:3    | Found Stiaf's Magic Scroll Emporium.
 49585 | Elf:3    | Bought a scroll of identify for 34 gold pieces
 49585 | Elf:3    | Bought a scroll of magic mapping for 59 gold pieces
 49585 | Elf:3    | Bought a scroll of teleportation for 51 gold pieces
 49585 | Elf:3    | Bought a scroll of teleportation for 51 gold pieces
 49585 | Elf:3    | Bought a scroll of identify for 34 gold pieces
 49585 | Elf:3    | Bought a scroll of teleportation for 51 gold pieces
 50069 | Elf:3    | Received a gift from Trog
 50204 | Elf:3    | Received a gift from Trog
 50205 | Elf:3    | Got a crude giant spiked club {god gift}
 50206 | Elf:3    | Identified the +6 giant spiked club of the Thirteen Ghosts {venom, Int+4} (Trog gifted it to you on level 3 of the Elven Halls)
 50490 | Elf:3    | Cast into the Abyss (drawing a card)
 50542 | Elf:3    | Escaped the Abyss
 50578 | Elf:3    | Reached skill level 1 in Stealth
 51510 | Elf:3    | Received a gift from Trog
 51564 | Elf:3    | Received a gift from Trog
 52089 | Elf:3    | Identified the Disquisition on Curses
 52264 | Elf:3    | Found Did Irad's Distillery.
 52273 | Elf:3    | Reached XP level 21. HP: 128/259 MP: 29/29
 52377 | Elf:3    | Bought 2 potions of heal wounds for 190 gold pieces
 52377 | Elf:3    | Bought a potion of mutation for 47 gold pieces
 52895 | Vaults:1 | Entered Level 1 of the Vaults
 52956 | Vaults:1 | Received a gift from Trog
 53759 | Vaults:1 | Received a gift from Trog
 54039 | Vaults:1 | Received a gift from Trog
 54102 | Vaults:2 | Noticed Margery
 54118 | Vaults:2 | Killed Margery
 54290 | Vaults:2 | Noticed Jorgrun
 54296 | Vaults:2 | Killed Jorgrun
 54392 | Vaults:2 | Received a gift from Trog
 54780 | Vaults:2 | Received a gift from Trog
 54844 | Vaults:2 | Found Ythe's Food Shop.
 55165 | Vaults:2 | Reached XP level 22. HP: 271/278 MP: 30/30
 55335 | Vaults:2 | Received a gift from Trog
 55458 | Vaults:2 | Noticed Nikola
 55466 | Vaults:2 | Killed Nikola
 55650 | Vaults:2 | Noticed Boris
 55662 | Vaults:2 | Killed Boris
 55982 | Vaults:3 | Received a gift from Trog
 56251 | Vaults:3 | Found Jyumur's Weapon Emporium.
 56459 | Vaults:3 | Received a gift from Trog
 56890 | Vaults:3 | Received a gift from Trog
 56891 | Vaults:3 | Got a smoking giant spiked club {god gift}
 56892 | Vaults:3 | Identified the +5 giant spiked club of Trog's Condemnation {crush, +Rage Str+5 Int-5 Stlth+} (Trog gifted it to you on level 3 of the Vaults)
 57101 | Vaults:3 | Found a staircase to the Crypt.
 57101 | Vaults:3 | Found an ancient bone altar of Kikubaaqudgha.
 57102 | Vaults:3 | Found a basalt altar of Yredelemnul.
 57481 | Vaults:4 | Received a gift from Trog
 57579 | Vaults:4 | Reached skill level 23 in Fighting
 57994 | Vaults:4 | Received a gift from Trog
 58172 | Vaults:4 | Received a gift from Trog
 58478 | Vaults:4 | Upgraded the game from 0.17-a0-18-gc25b939 to 0.17-a0-72-gd614ac0
 58550 | Vaults:3 | Bought the +7 great mace "Firestarter" {flame, inner flame, rF++} for 1352 gold pieces
 58630 | Vaults:5 | Entered Level 5 of the Vaults
 58638 | Vaults:5 | Reached XP level 23. HP: 221/295 MP: 30/30
 58761 | Vaults:5 | Received a gift from Trog
 58784 | Vaults:5 | Identified a +1 rod of shadows (9/9) (You found it in a wizard's laboratory)
 58867 | Vaults:5 | Reached skill level 24 in Fighting
 59615 | Vaults:5 | Received a gift from Trog
 60010 | Vaults:5 | Reached skill level 25 in Fighting
 60161 | Vaults:5 | Got a silver rune of Zot
 60232 | Vaults:5 | Received a gift from Trog
 60289 | Vaults:5 | Reached XP level 24. HP: 296/315 MP: 31/31
 61320 | Depths:1 | Entered Level 1 of the Depths
 61366 | Depths:1 | Received a gift from Trog
 61719 | Depths:1 | Received a gift from Trog
 61757 | Depths:1 | Received a gift from Trog
 62036 | Depths:1 | Found a one-way gate leading to the halls of Pandemonium.
 62135 | Depths:1 | Noticed Mara
 62147 | Depths:1 | Noticed catsarecewl's illusion
 62150 | Depths:1 | Killed Mara
 62150 | Depths:1 | Reached skill level 26 in Fighting
 62508 | Depths:2 | Received a gift from Trog
 62656 | Depths:2 | Found a corrupted altar of Lugonu.
 62656 | Depths:2 | Found a one-way gate to the infinite horrors of the Abyss.
 63345 | Depths:2 | Received a gift from Trog
 63395 | Depths:2 | Received a gift from Trog
 63648 | Depths:3 | Reached XP level 25. HP: 130/331 MP: 31/31
 63961 | Depths:3 | Found a white marble altar of Elyvilon.
 63995 | Depths:3 | Reached skill level 27 in Fighting
 64050 | Depths:3 | Received a gift from Trog
 64192 | Depths:3 | Received a gift from Trog
 64774 | Depths:3 | Received a gift from Trog
 65228 | Depths:3 | Found Gymob's One-of-a-Kind Books.
 65405 | Depths:3 | Noticed Frederick
 65408 | Depths:3 | Killed Frederick
 65408 | Depths:3 | Received a gift from Trog
 65573 | Depths:4 | Found a gateway to a ziggurat.
 66224 | Depths:4 | Noticed Jory
 66230 | Depths:4 | Killed Jory
 66279 | Depths:4 | Received a gift from Trog
 66381 | Depths:4 | Reached skill level 15 in Armour
 66660 | Depths:4 | Reached XP level 26. HP: 278/345 MP: 32/32
 66661 | Depths:4 | Received a gift from Trog
 66833 | Depths:5 | Entered Level 5 of the Depths
 66873 | Depths:5 | Received a gift from Trog
 67132 | Depths:5 | Got a heavily runed cloak
 67143 | Depths:5 | Identified the cursed +0 cloak "Shrialoiw" {+Inv MR+ Str-4} (You found it on level 5 of the Depths)
 67190 | Depths:5 | Noticed an ancient lich
 67197 | Depths:5 | Killed an ancient lich
 67676 | Depths:5 | Found a gate to the Realm of Zot.
 67776 | Depths:5 | Received a gift from Trog
 68434 | Depths:5 | Upgraded the game from 0.17-a0-72-gd614ac0 to 0.17-a0-77-gee7a2f2
 68434 | Depths:5 | Upgraded the game from 0.17-a0-77-gee7a2f2 to 0.17-a0-81-g781747f
 68800 | Crypt:1  | Entered Level 1 of the Crypt
 69082 | Orc:4    | Bought the ring "Woatocro" {rElec rC+ rN+ MR+ Dex-2 Stlth+} for 749 gold pieces
 69082 | Orc:4    | Bought 2 scrolls of magic mapping for 119 gold pieces
 69527 | Temple   | Entered the Ecumenical Temple
 69598 | Temple   | Fell from the grace of Trog
 69598 | Temple   | Became a worshipper of the Shining One
 70157 | Elf:3    | Learned a level 1 spell: Apportation
 70161 | Elf:3    | Learned a level 3 spell: Spectral Weapon
 70164 | Elf:3    | Learned a level 2 spell: Shroud of Golubria
 70420 | Elf:3    | Bought a potion of curing for 57 gold pieces
 70420 | Elf:3    | Bought a potion of resistance for 190 gold pieces
 70849 | Crypt:1  | Acquired the Shining One's first power
 70931 | Crypt:1  | Learned a level 2 spell: Repel Missiles
 70950 | Crypt:1  | Acquired the Shining One's second power
 71131 | Crypt:1  | Acquired the Shining One's third power
 71435 | Crypt:2  | Reached skill level 1 in Spellcasting
 71501 | Crypt:2  | Acquired the Shining One's fourth power
 71504 | Crypt:2  | Reached skill level 1 in Charms
 71532 | Crypt:2  | Noticed Khufu
 71536 | Crypt:2  | Noticed a greater mummy
 71542 | Crypt:2  | Killed Khufu
 71542 | Crypt:2  | Reached skill level 1 in Air Magic
 71542 | Crypt:2  | Reached XP level 27. HP: 122/350 MP: 32/32
 71709 | Crypt:2  | Killed a greater mummy
 72793 | Crypt:3  | Entered Level 3 of the Crypt
 73063 | Crypt:3  | Reached skill level 5 in Spellcasting
 73476 | Crypt:3  | Found an ancient bone altar of Kikubaaqudgha.
 73697 | Crypt:3  | Noticed an ancient lich
 73703 | Crypt:3  | Noticed an ancient lich
 73703 | Crypt:3  | Killed an ancient lich
 73707 | Crypt:3  | Killed an ancient lich
 73707 | Crypt:3  | Reached skill level 5 in Charms
 73887 | Crypt:3  | Reached skill level 5 in Air Magic
 74189 | Crypt:3  | Found a staircase to the Tomb.
 74248 | Crypt:3  | Identified Fetauq's Volume of Stolen Souls
 74479 | Crypt:3  | Reached skill level 1 in Hexes
 75154 | Crypt:3  | Got a brightly glowing crystal amulet
 75155 | Crypt:3  | Identified the amulet "Taerix" {Ward rN+ Int+5} (You found it on level 3 of the Crypt)
 75157 | Crypt:3  | Got a twitching amber ring
 75158 | Crypt:3  | Identified the ring of Lezew {rElec rN+ MP-9 Dex+9} (You found it on level 3 of the Crypt)
 75160 | Crypt:3  | Got a wavering bone ring
 75161 | Crypt:3  | Identified the ring of the Madman {Contam rC+ rN+ Str+2 Dex+6} (You found it on level 3 of the Crypt)
 76624 | Depths:5 | Learned a level 6 spell: Deflect Missiles
 77231 | Temple   | Identified a +9 giant spiked club of holy wrath (a +9 vampiric giant spiked club blessed by the Shining One)
 77806 | Zot:1    | Entered Level 1 of the Realm of Zot
 78106 | D:15     | Bought a scroll of enchant armour for 112 gold pieces
 79129 | Zot:1    | Reached skill level 5 in Hexes
 80400 | Zot:3    | Was forgiven by Trog
 80468 | Zot:3    | Noticed an orb of fire
 80481 | Zot:3    | Killed an orb of fire
 80515 | Zot:3    | Reached skill level 1 in Invocations
 80559 | Zot:3    | Noticed an orb of fire
 80563 | Zot:3    | Killed an orb of fire
 80628 | Zot:3    | Noticed an orb of fire
 80632 | Zot:3    | Gained mutation: Potions and wands are less effective at restoring your health. [an orb of fire]
 80636 | Zot:3    | Gained mutation: You are dopey. (Int -2) [an orb of fire]
 80639 | Zot:3    | Killed an orb of fire
 80900 | Zot:4    | Reached skill level 5 in Invocations
 81766 | Zot:5    | Entered Level 5 of the Realm of Zot
 81921 | Zot:5    | Reached skill level 10 in Invocations
 82249 | Zot:5    | Reached skill level 1 in Translocations
 82254 | Zot:5    | Noticed an ancient lich
 82270 | Zot:5    | Killed an ancient lich
 82278 | Zot:5    | Noticed an ancient lich
 82285 | Zot:5    | Killed an ancient lich
 82307 | Zot:5    | Noticed an ancient lich
 82313 | Zot:5    | Killed an ancient lich
 82348 | Zot:5    | Noticed an ancient lich
 82353 | Zot:5    | Killed an ancient lich
 82398 | Zot:5    | Noticed an ancient lich
 82399 | Zot:5    | Noticed an orb of fire
 82399 | Zot:5    | Gained mutation: You are very dopey. (Int -4) [an orb of fire]
 82411 | Zot:5    | Killed an orb of fire
 82412 | Zot:5    | Killed an ancient lich
 82412 | Zot:5    | Reached skill level 5 in Translocations
 82423 | Zot:5    | Noticed an orb of fire
 82424 | Zot:5    | Gained mutation: You are clumsy. (Dex -2) [an orb of fire]
 82426 | Zot:5    | Gained mutation: You are weak. (Str -2) [an orb of fire]
 82430 | Zot:5    | Killed an orb of fire
 82578 | Zot:5    | Noticed an ancient lich
 82581 | Zot:5    | Killed an ancient lich
 82757 | Zot:5    | Noticed an orb of fire
 82772 | Zot:5    | Killed an orb of fire
 82943 | Zot:5    | Noticed an ancient lich
 82952 | Zot:5    | Killed an ancient lich
 83199 | Zot:5    | Got the Orb of Zot
 83320 | Zot:1    | Noticed Quunegg the pandemonium lord
 83328 | Zot:1    | Noticed an ancient lich
 83643 | D:9      | Noticed Ghyorch the pandemonium lord
 83652 | D:9      | Killed Ghyorch the pandemonium lord
 83789 | D:3      | Noticed Nyneaxen the pandemonium lord
 83798 | D:3      | Killed Nyneaxen the pandemonium lord
 83902 | D:$      | Escaped with the Orb!

Action                   |  1- 3 |  4- 6 |  7- 9 | 10-12 | 13-15 | 16-18 | 19-21 | 22-24 | 25-27 || total
-------------------------+-------+-------+-------+-------+-------+-------+-------+-------+-------++-------
Melee: Mace              |    96 |   136 |       |       |       |       |       |       |       ||   232
       Flail             |       |    15 |   419 |   391 |    37 |       |       |       |       ||   862
       Morningstar       |       |       |       |   316 |   828 |       |       |       |       ||  1144
       Dire flail        |       |       |       |       |   490 |       |       |       |       ||   490
       Giant spiked club |       |       |       |       |   361 |   125 |   864 |   546 |  1112 ||  3008
       Unarmed           |       |       |       |       |     6 |       |       |       |       ||     6
       Giant club        |       |       |       |       |       |  1063 |   175 |       |       ||  1238
       Great mace        |       |       |       |       |       |       |       |    16 |       ||    16
 Fire: Blowgun           |       |       |       |     6 |       |       |       |       |       ||     6
Throw: Stone             |     4 |     4 |       |       |       |       |       |       |       ||     8
       Javelin           |       |     5 |       |       |       |     6 |    81 |   339 |    55 ||   486
       Tomahawk          |       |     6 |     1 |    54 |     6 |   225 |   119 |   317 |  1074 ||  1802
       Large rock        |       |       |       |       |       |       |       |     3 |    64 ||    67
 Cast: Repel Missiles    |       |       |       |       |       |       |       |       |     4 ||     4
       Shroud of Golubri |       |       |       |       |       |       |       |       |     1 ||     1
       Spectral Weapon   |       |       |       |       |       |       |       |       |     1 ||     1
Invok: Berserk           |       |     2 |     2 |     4 |     2 |       |       |     1 |       ||    11
       Trog's Hand       |       |       |       |       |       |     2 |     1 |     2 |       ||     5
       Brothers in Arms  |       |       |       |       |       |     1 |       |       |       ||     1
 Abil: Evoke Flight      |       |       |       |       |       |     3 |       |       |     3 ||     6
       Evoke Blink       |       |       |       |       |       |       |       |     1 |    20 ||    21
       Stop Flying       |       |       |       |       |       |       |       |       |     2 ||     2
       Evoke Berserk Rag |       |       |       |       |       |       |       |       |     3 ||     3
Evoke: Wand              |       |       |       |     2 |     2 |       |     7 |     5 |    15 ||    31
       Deck              |       |       |       |       |       |     1 |     1 |       |       ||     2
       Phial of floods   |       |       |       |       |       |     1 |       |       |     1 ||     2
       Lamp of fire      |       |       |       |       |       |       |       |     1 |     3 ||     4
       Sack of spiders   |       |       |       |       |       |       |       |       |     2 ||     2
       Fan of gales      |       |       |       |       |       |       |       |       |     1 ||     1
  Use: Scroll            |       |       |       |    21 |    11 |    16 |    16 |    16 |    29 ||   109
       Potion            |       |       |       |       |     3 |     6 |     1 |       |     2 ||    12
 Stab: Confused          |       |       |       |       |       |     1 |       |       |       ||     1
       Distracted        |       |       |       |       |       |       |     1 |       |       ||     1
       Petrifying        |       |       |       |       |       |       |       |     3 |       ||     3
  Eat: Chunk             |     1 |     3 |    17 |    34 |    43 |    47 |    28 |    28 |    68 ||   269
       Bread ration      |       |     1 |       |       |     2 |       |     1 |       |       ||     4
       Meat ration       |       |       |     1 |     1 |       |       |       |       |       ||     2
       Beef jerky        |       |       |     1 |       |       |       |       |     1 |     1 ||     3
       Pizza             |       |       |       |       |       |       |     1 |       |       ||     1
       Royal jelly       |       |       |       |       |       |       |     1 |       |       ||     1
